 Dungeon Crawl Stone Soup version 0.32-a0-355-ged53ad6fd3 (webtiles) character file.

Game seed: 8481819013347898313

48 Ender991 the Cudgeller (level 3, -1/31 HPs)
             Began as a Mountain Dwarf Reaver on Feb 18, 2024.
             Slain by an adder (2 damage)
             ... on level 2 of the Dungeon.
             The game lasted 00:05:27 (1047 turns).

Ender991 the Cudgeller (Mountain Dwarf Reaver)      Turns: 1047, Time: 00:05:27

Health: -1/31      AC:  5    Str: 16    XL:     3   Next: 50%
Magic:  6/6        EV: 10    Int: 13    God:
Gold:   99         SH:  0    Dex:  8    Spells: 5/6 levels left

rFire   + . .        a - +0 mace
rCold   + + .        (no shield)
rNeg    . . .        k - +0 ring mail
rPois   +            (no helmet)
rElec   +            (no cloak)
rCorr   +            (no gloves)
SInv    .            (no boots)
Will    .....        h - amulet of magic regeneration Stlth
                     e - ring of protection from cold
HPRegen 0.25/turn    (no ring)
MPRegen 0.50/turn

%: no passive effects
@: lethally poisoned (-1 -> -5), resistant
A: runic magic, artefact enchanting, wild magic 1
a: no special abilities


You were on level 2 of the Dungeon.
You visited 1 branch of the dungeon, and saw 2 of its levels.

You collected 99 gold pieces.

Inventory:

Hand Weapons
 a - a +0 mace (weapon)
Armour
 k - a +0 ring mail (worn)
Jewellery
 e - a ring of protection from cold (left hand)
 h - an amulet of magic regeneration (around neck)
Scrolls
 g - 3 scrolls of identify {unknown}
 i - a scroll of blinking {unknown}
 j - a scroll of teleportation {unknown}
Potions
 d - a potion of ambrosia {unknown}
 f - a potion of mutation


   Skills:
 + Level 3.2 Fighting
 + Level 4.4 Maces & Flails
 - Level 1.3 Dodging
 - Level 2.0 Spellcasting
 - Level 3.0 Conjurations


You had 5 spell levels left.
You knew the following spells:

 Your Spells              Type           Power      Damage    Failure   Level
a - Kiss of Death         Conj/Necr      24%        2d7       22%         1

Your spell library contained the following spells:

 Spells                   Type           Power      Damage    Failure   Level
 Momentum Strike          Conj/Tloc      12%        3d8       32%         2
 Hailstorm                Conj/Ice       6%         3d5       52%         3


Dungeon Overview and Level Annotations

Branches:
Dungeon (2/15)

Altars:

Shops:
D:1 [


Innate Abilities, Weirdness & Mutations

Your spellcasting is much less encumbered by armour.
You can use scrolls of enchantment on lesser artefacts.
Your spells are a little harder to cast, but a little more powerful.


Message History

You barely miss the adder.
The adder is heavily wounded.
You feel sick. The adder closely misses you. x2
You hit the adder.
The adder is severely wounded.
You feel sick. The adder bites you but does no damage.
You miss the adder.
The adder is severely wounded.
You feel sick.
You are no longer poisoned.
The adder bites you but does no damage. The adder misses you.
You miss the adder.
The adder is severely wounded.
The adder closely misses you.
You closely miss the adder.
The adder is severely wounded.
The adder bites you.
You are poisoned.
The adder poisons you! The adder completely misses you.
You hit the adder.
You kill the adder!
You feel sick. The adder bites you.
* * * LOW HITPOINT WARNING * * *
You are lethally poisoned!
The adder poisons you!
You hit the adder.
The adder is heavily wounded.
* * * LOW HITPOINT WARNING * * *
You feel very sick. The adder bites you.
* * * LOW HITPOINT WARNING * * *
It was a potion of mutation.
You feel extremely strange.
You feel less in control of your magic.
* * * LOW HITPOINT WARNING * * *
You feel sick. The adder closely misses you. x2
It was a potion of resistance.
You feel protected.
* * * LOW HITPOINT WARNING * * *
You feel sick. The adder bites you.
You die...

###.#
#>#.#
#...####
#......#
#....#.#
#...##.###
#........+
#.########
#@# #S##
#..###
##.).#
###...#
......
~~~~. P~~~
≈≈≈≈


You could see an adder.

Vanquished Creatures
  An adder (D:2)
  2 bats (D:1)
  2 endoplasms (D:1)
  A giant cockroach (D:1)
  3 goblins (D:1)
  2 hobgoblins (D:1)
  2 ball pythons (D:1)
  3 frilled lizards (D:1)
  4 kobolds
  3 rats (D:1)
23 creatures vanquished.

Notes
Turn   | Place    | Note
-------+----------+-------------------------------------------
     0 | D:1      | Ender991 the Mountain Dwarf Reaver began the quest for the
                  | Orb.
     0 | D:1      | Reached XP level 1. HP: 17/17 MP: 3/3
   102 | D:1      | Reached XP level 2. HP: 25/25 MP: 5/5
   239 | D:1      | Reached skill level 4 in Maces & Flails
   362 | D:1      | Found Xulolebigo's Antique Armour Boutique.
   558 | D:1      | Reached XP level 3. HP: 30/30 MP: 6/6
  1046 | D:2      | Gained mutation: Your spells are a little harder to cast,
                  | but a little more powerful. [potion of mutation]
  1047 | D:2      | HP: 1/31 [poisoned by an adder]
  1047 | D:2      | Slain by an adder

Illustrated notes

Levels and vault maps discovered:
D:1:      erik_arrival_cave_to_civilisation [erik_arrival_cave_to_hall],
          layout_loops_ring, serial_shops, shop
D:2:      layout_basic, ebering_ecumenical_altar_petrified, chequers_big_river,
          nrook_mini_vaults, uniq_natasha

Skill      XL: |  1  2  3 |
---------------+----------+-----
Spellcasting   | 2 |  2.0
Conjurations   | 3 |  3.0
Maces & Flails | 4 |  4.4
Fighting       | 3 |  3.2
Dodging        | |  1.3

Action                     || total
---------------------------++-------
  Melee: Mace              ||    91
    Use: Potion            ||     2
 Armour: Leather armour    ||    30
         Ring mail         ||    43
  Dodge: Dodged            ||    68

Table legend: (Time is in decaauts)
 A = Elapsed time spent in this place.
 B = Non-inter-level travel time spent in this place.
 C = Inter-level travel time spent in this place.
 D = Time resting spent in this place.
 E = Time spent auto-exploring this place.
 F = Levels seen in this place.
 G = Mean time per level.
                   A        B        C        D        E       F      G
               +--------+--------+--------+--------+--------+-----+--------+
         Total |   1064 |    978 |     86 |      0 |    572 |   2 |  532.0 |
       Dungeon |   1064 |    978 |     86 |      0 |    572 |   2 |  532.0 |
               +--------+--------+--------+--------+--------+-----+--------+

Top non-repeatable levels by time:
     D:1: 1010 daAuts
     D:2: 54 daAuts
